 Dungeon Crawl Stone Soup version 0.23.2-11-gf996548c65 (webtiles) character file.

Game seed: 12903710646667816817

2560 cab the Geomancer (level 9, -6/52 HPs)
             Began as a Gargoyle Earth Elementalist on June 4, 2019.
             Was a Follower of Vehumet.
             Mangled by an ogre
             ... wielding a +0 giant club
              (30 damage)
             ... on level 6 of the Dungeon.
             The game lasted 00:41:48 (11723 turns).

cab the Geomancer (Gargoyle Earth Elementalist)    Turns: 11723, Time: 00:41:48

Health: -6/52      AC: -1    Str: 13    XL:     9   Next: 56%
Magic:  10/12      EV: 11    Int: 18    God:    Vehumet [*.....]
Gold:   270        SH:  0    Dex: 10    Spells: 3/12 levels left

rFire    . . .     SeeInvis .   y - +3 flail (holy)
rCold    . . .     Gourm    .   (no shield)
rNeg     + . .     Faith    .   m - +1 leather armour
rPois    ∞         Spirit   .   (no helmet)
rElec    +         Reflect  .   (no cloak)
rCorr    .         Harm     .   (no gloves)
MR       +....                  (no boots)
Stlth    ++........             (no amulet)
HPRegen  0.17/turn              e - ring of protection from magic
MPRegen  0.13/turn              (no ring)

@: corroded
A: negative energy resistance 1, electricity resistance, unbreathing,
petrification resistance, rot immunity, AC +6
a: Renounce Religion


You were on level 6 of the Dungeon.
You worshipped Vehumet.
Vehumet was aware of your devotion.
You were very hungry.

You visited 2 branches of the dungeon, and saw 7 of its levels.

You collected 270 gold pieces.

Inventory:

Hand Weapons
 g - a +1 club
 h - a +0 hunting sling
 k - a +0 flail
 t - a +0 mace
 y - a +3 flail of holy wrath (weapon)
Missiles
 b - 59 stones (quivered)
Armour
 c - a +0 robe
 m - a +1 leather armour (worn)
 r - a +0 leather armour
 w - a +2 hat
Jewellery
 e - a ring of protection from magic (left hand)
Wands
 u - a wand of iceblast (7)
Scrolls
 a - 4 scrolls of identify
 f - 2 scrolls of magic mapping {unknown}
 i - 2 scrolls of blinking
 l - 3 scrolls of teleportation {unknown}
 p - 3 scrolls of remove curse
 q - 3 scrolls of fear
Potions
 j - 2 potions of lignification
 n - a potion of brilliance
 o - 2 potions of degeneration
 s - 2 potions of mutation
 v - a potion of might
Comestibles
 d - 10 rations


   Skills:
 + Level 4.1 Fighting
 - Level 4.0 Armour
 + Level 1.7 Dodging
 - Level 2.1 Stealth
 + Level 2.1 Spellcasting
 - Level 6.8 Conjurations
   Level 0.7 Transmutations
 + Level 11.5 Earth Magic


You had 3 spell levels left.
You knew the following spells:

 Your Spells              Type           Power        Failure   Level  Hunger
a - Sandblast             Erth           #####.       1%          1    #......
b - Stone Arrow           Conj/Erth      #####.       1%          3    ###....
c - Lee's Rapid Deconstr  Erth           #####.....   5%          5    ######.

Your spell library contained the following spells:

 Spells                   Type           Power        Failure   Level  Hunger
 Freeze                   Ice            #...         22%         1    #......
 Passwall                 Tmut/Erth      ###.....     2%          2    ###....
 Petrify                  Tmut/Erth      ###.....     19%         4    #####..


Dungeon Overview and Level Annotations

Branches:
Dungeon (6/15)             Temple (1/1) D:4

Altars:
Ashenzari
Elyvilon
Fedhas
Gozag
Makhleb
Nemelex Xobeh
Okawaru
Qazlal
Ru
Sif Muna
Vehumet
Wu Jian
Xom
Yredelemnul
Zin
The Shining One

Shops:
D:6 :


Innate Abilities, Weirdness & Mutations

You are resistant to torment.
Your stone body is resilient. (AC +6)
You are immune to poison.
You resist negative energy. (rN+)
You are resistant to electric shocks. (rElec)
You can survive without breathing.
You are immune to petrification.
You are immune to rotting.


Message History

Casting: Sandblast (safe; 1% risk of failure)
Confirm with . or Enter, or press ? or * to list all spells.
Aiming: Sandblast (safe; 1% risk of failure)
Press: ? - help, Shift-Dir - straight line, f - jelly
Aim: a jelly (almost dead)
The blast of sand hits the jelly!!
You kill the jelly!
Vehumet accepts your kill.
b - 60 stones
Casting: Sandblast (safe; 1% risk of failure)
Confirm with . or Enter, or press ? or * to list all spells.
Aiming: Sandblast (safe; 1% risk of failure)
Press: ? - help, Shift-Dir - straight line, f - ogre
Aim: an ogre, wielding a +0 giant club The blast of sand hits the ogre!
The ogre is moderately wounded.
b - 59 stones The ogre hits you with a +0 giant club!!
Ouch! That really hurt!
You die...

# ###### .#
#....############.#
#.##..............#
#.#############.###
#.# #.# ##.# #@#
...# #O#
#..######## #.#
........... (..
##.######## #.# #.#
#). ##.# ... ...#
#.. ##.#


You could see an ogre.

Vanquished Creatures
  Pikel (D:4)
  Grinder (D:5)
  Edmund (D:4)
  A water moccasin (D:6)
  A sky beast (D:6)
  A slave (D:4)
  A phantom (D:5)
  2 ogres
  A bullfrog (D:6)
  2 scorpions
  A howler monkey (D:4)
  A hound (D:5)
  A jelly (D:6)
  An orc priest (D:5)
  4 gnoll shamans
  A bullfrog skeleton (D:3)
  An iguana (D:4)
  3 orc wizards
  5 worker ants
  Robin (D:2)
  36 gnolls
  12 adders
  2 shadow imps (D:5)
  An adder zombie (D:6)
  3 worms
  3 dart slugs
  6 leopard geckos
  13 orcs
  7 giant cockroaches
  16 goblins
  13 hobgoblins
  22 jackals
  13 kobolds
  3 quokkas
  12 bats
  8 frilled lizards
  5 rats
206 creatures vanquished.

Vanquished Creatures (others)
  A black bear (D:5)
  A hound (D:5)
  An ooze (D:3)
  A jackal (D:5)
  2 plants (D:3)
6 creatures vanquished.

Grand Total: 212 creatures vanquished

Notes
Turn   | Place    | Note
-------+----------+-------------------------------------------
     0 | D:1      | cab the Gargoyle Earth Elementalist began the quest for the
                  | Orb.
     0 | D:1      | Reached XP level 1. HP: 10/10 MP: 3/3
   270 | D:1      | Reached skill level 4 in Earth Magic
   403 | D:1      | Reached XP level 2. HP: 12/15 MP: 3/5
   966 | D:1      | Reached XP level 3. HP: 15/19 MP: 6/6
  1061 | D:1      | Learned a level 3 spell: Stone Arrow
  1068 | D:1      | Reached skill level 5 in Earth Magic
  1945 | D:2      | Reached skill level 1 in Conjurations
  2011 | D:2      | Noticed Robin
  2062 | D:2      | Killed Robin
  2062 | D:2      | Reached XP level 4. HP: 7/24 MP: 0/7
  2403 | D:2      | Found a faded altar of an unknown god.
  2978 | D:2      | Reached skill level 1 in Armour
  3035 | D:2      | Reached XP level 5. HP: 28/28 MP: 8/8
  3578 | D:3      | Reached skill level 6 in Earth Magic
  4209 | D:3      | Reached XP level 6. HP: 32/32 MP: 9/9
  5739 | D:3      | Reached XP level 7. HP: 23/36 MP: 8/10
  6757 | D:3      | Reached skill level 7 in Earth Magic
  7799 | D:3      | Reached skill level 5 in Conjurations
  8399 | D:4      | Reached XP level 8. HP: 41/41 MP: 7/11
  8805 | D:4      | Found a white marble altar of Elyvilon.
  8814 | D:4      | Reached skill level 8 in Earth Magic
  8929 | D:4      | Found a staircase to the Ecumenical Temple.
  8946 | D:4      | Reached skill level 1 in Fighting
  9017 | Temple   | Entered the Ecumenical Temple
  9091 | Temple   | Became a worshipper of Vehumet
  9468 | D:5      | Entered Level 5 of the Dungeon
  9468 | D:5      | Noticed Edmund
  9468 | D:5      | Noticed Pikel
  9478 | D:4      | Killed Edmund
  9816 | D:4      | Killed Pikel
  9816 | D:4      | Reached skill level 9 in Earth Magic
 10060 | D:5      | Learned a level 5 spell: Lee's Rapid Deconstruction
 10182 | D:5      | Noticed Grinder
 10189 | D:5      | Killed Grinder
 10189 | D:5      | Reached XP level 9. HP: 52/52 MP: 7/12
 10331 | D:5      | Found an opulent altar of Gozag.
 10357 | D:5      | Reached skill level 10 in Earth Magic
 11019 | D:6      | Reached * piety under Vehumet
 11019 | D:6      | Offered knowledge of Freeze by Vehumet.
 11099 | D:6      | Reached skill level 11 in Earth Magic
 11367 | D:6      | Found Wucathri's Book Shoppe.
 11723 | D:6      | Mangled by an ogre

Skill      XL: |  1  2  3  4  5  6  7  8  9 |
---------------+----------------------------+-----
Earth Magic    | 4 5 6 7 9 11 | 11.5
Conjurations   | 1 2 3 5 6 |  6.8
Armour         | 1 2 3 4 |  4.0
Fighting       | 4 |  4.1
Dodging        | |  1.7
Stealth        | |  2.1
Spellcasting   | |  2.1
Transmutations | |  0.7

Action                   |  1- 3 |  4- 6 |  7- 9 || total
-------------------------+-------+-------+-------++-------
Melee: Unarmed           |    25 |       |       ||    25
       Club              |   113 |   302 |   187 ||   602
       Flail             |       |       |   146 ||   146
 Cast: Sandblast         |    22 |    44 |    78 ||   144
       Stone Arrow       |     1 |    17 |    29 ||    47
       Lee's Rapid Decon |       |       |     1 ||     1
  Use: Scroll            |       |    11 |     2 ||    13
 Stab: Sleeping          |     4 |     2 |       ||     6
  Eat: Chunk             |     4 |    15 |    24 ||    43
Armor: Robe              |    47 |    46 |       ||    93
       Leather armour    |       |   120 |   165 ||   285
Dodge: Dodged            |   112 |   294 |   259 ||   665
